 Dungeon Crawl Stone Soup version 0.26-a0-1222-g14533b3512 (webtiles) character file.

Game seed: 14333664254036103081

7469 jestyr24 the Destroyer (level 10, -26/86 HPs)
             Began as a Yellow Draconian Conjurer on Dec 30, 2020.
             Was a Priest of Vehumet.
             Annihilated by an orc warrior
             ... wielding the +4 trident "Ytaog" {flame, +Inv rElec Str+3}
              (42 damage)
             ... on level 7 of the Dungeon on Dec 31, 2020.
             The game lasted 01:29:06 (12199 turns).

jestyr24 the Destroyer (Yellow Draconian Conjurer) Turns: 12199, Time: 01:29:08

Health: -26/86     AC:  7    Str:  9    XL:     10   Next: 94%
Magic:  30/32      EV: 13    Int: 21    God:    Vehumet [***...]
Gold:   608        SH:  5    Dex: 18    Spells: 6/28 levels left

rFire    + . .     SeeInvis .   q - +6 flail
rCold    x . .     Faith    .   s - +0 buckler
rNeg     . . .     Spirit   .   (armour unavailable)
rPois    .         Reflect  .   (helmet restricted)
rElec    .         Harm     .   (no cloak)
rCorr    +         Rampage  .   (no gloves)
Will     +....                  (no boots)
Stlth    ++........             (no amulet)
HPRegen  0.24/turn              E - ring of magical power
MPRegen  0.23/turn              I - ring "Telan" {Fire Will+ Int-2 Dex+9}

@: berserk cooldown, slowed, very slow
A: spit acid, unfitting armour, cold-blooded, acid resistance, AC +7
a: Breathe Acid, Renounce Religion


You were on level 7 of the Dungeon.
You worshipped Vehumet.
Vehumet was most pleased with you.
You visited 2 branches of the dungeon, and saw 10 of its levels.

You collected 608 gold pieces.

Inventory:

Hand Weapons
 l - a +5 scimitar
 q - a +6 flail (weapon)
 F - a +4 dagger of freezing
 G - the +6 triple crossbow of the Mouth {speed, Int+5}
   (You found it on level 8 of the Dungeon)

   Attacks with this weapon are significantly faster.
   It affects your intelligence (+5).
Missiles
 c - 6 boomerangs
 i - 32 bolts
 k - 306 stones (quivered)
 p - 7 atropa-tipped darts
 r - 14 poisoned darts
 D - 2 throwing nets
Armour
 s - a +0 buckler (worn)
Magical Staves
 z - an uncursed staff of poison
Jewellery
 y - the ring of Teomig {Wiz Dex+3, unknown}
   (You found it on level 7 of the Dungeon)

   [ring of wizardry]

   It improves your spell success rate.
   It affects your dexterity (+3).
 E - a ring of magical power (left hand)
 I - the ring "Telan" (right hand) {Fire Will+ Int-2 Dex+9}
   (You found it on level 7 of the Dungeon)

   [ring of fire]

   It enhances your fire magic.
   It affects your intelligence (-2).
   It affects your dexterity (+9).
   It protects you from fire.
   It makes you vulnerable to cold.
   It affects your willpower, your defense against some magical effects.
Wands
 g - a wand of disintegration (10)
 m - a wand of flame (5)
 n - a wand of acid (14)
 H - a wand of polymorph (16)
Scrolls
 e - 4 scrolls of remove curse
 f - 3 scrolls of immolation {unknown}
 j - a scroll of magic mapping
 w - 3 scrolls of teleportation
 A - 3 scrolls of identify
 B - a scroll of noise {unknown}
Potions
 a - a potion of resistance
 d - 3 potions of heal wounds {unknown}
 h - 3 potions of lignification
 o - 2 potions of haste
 t - a potion of invisibility {unknown}
 u - a potion of ambrosia {unknown}
 v - a potion of attraction {unknown}
 x - 5 potions of curing {unknown}


   Skills:
 - Level 7.3 Fighting
 - Level 2.3 Dodging
 - Level 1.9 Stealth
 - Level 4.2 Shields
 - Level 0.2 Unarmed Combat
 + Level 9.6 Spellcasting
 - Level 11.2 Conjurations


You had 6 spell levels left.
You knew the following spells:

 Your Spells              Type           Power        Failure   Level
a - Magic Dart            Conj           100%         1%          1
b - Searing Ray           Conj           100%         1%          2
c - Dazzling Flash        Conj/Hex       66%          1%          3
d - Fulminant Prism       Conj/Hex       16%          1%          4
e - Foxfire               Conj/Fire      100%         1%          1
f - Ignite Poison         Fire/Tmut/Pois 15%          5%          3
g - Poisonous Vapours     Pois/Air       20%          11%         2
h - Freezing Cloud        Conj/Ice/Air   12%          47%         6

Your spell library contained the following spells:

 Spells                   Type           Power        Failure   Level
 Conjure Flame            Conj/Fire      50%          1%          3
 Mephitic Cloud           Conj/Pois/Air  25%          1%          3
 Iskenderun's Mystic Bla  Conj/Tloc      33%          1%          4


Dungeon Overview and Level Annotations

Branches:
Dungeon (9/15)             Temple (1/1) D:5            Lair (0/6) D:8
    Orc: D:9-12

Altars:
Ashenzari
Cheibriados
Elyvilon
Nemelex Xobeh
Ru
Sif Muna
Trog
Vehumet
Wu Jian
Xom
Yredelemnul
Zin
The Shining One

Shops:
D:9 (

Annotations:
D:7 MrDNA's ghost, novice FoHu
D:9 2 transporters


Innate Abilities, Weirdness & Mutations

You can spit globs of acid.
Your golden yellow scales are hard. (AC +7)
You cannot fit into any form of body armour.
You are cold-blooded and may be slowed by cold attacks.
You are resistant to acid. (rCorr)


Message History

The orc warrior hits you with the +4 trident "Ytaog" {flame, +Inv rElec Str+3}!!
The orc warrior burns you. MrDNA's ghost hits you.
Blink to where?
Press: ? - help, Dir - move target, p - moth of wrath
As you read the scroll of blinking, it crumbles to dust.
The moth of wrath is no longer blind.
The moth of wrath looks more healthy.
The orc warrior misses you.
The moth of wrath goads the ogre on!
The ogre goes berserk!
The orc warrior barely misses you.
The orc warrior hits you from afar with a +0 glaive!
The orc warrior hits you with the +4 trident "Ytaog" {flame, +Inv rElec Str+3}!
* * * LOW HITPOINT WARNING * * *
MrDNA's ghost hits you but does no damage.
There is a transporter, spattered with blood here.
You enter the transporter and appear at another place.
The orc warrior closely misses you.
The ogre rages.
MrDNA's ghost closely misses you.
The orc warrior hits you with the +4 trident "Ytaog" {flame, +Inv rElec Str+3}!!!
You die...

#########
###.......###
##...#####...##
#..###...###..#
##.##.....# ##.##
#..##.#..### #..#
##.##.###.#≈####.##
##W.#..#≈..$#...#..#
#..@#©...._.....#©..
#.o.#......(#...#...
#.#.##....#≈#..##...
#.#..#..o.####.#..#.
#.##.##......###.##.
#.##..###.§.###..##.
#.###...#####...###.
#.####.........####.
#......###..........


You could see 2 orc warriors and MrDNA's ghost.

Vanquished Creatures
  Harold (D:9)
  The ghost of Karbivio the Cudgeller, a novice TrCK of Xom (D:6)
  The ghost of LufLufFighter the Changer, a novice MfTm (D:6)
  Pikel (D:7)
  The ghost of JoshKwa the Conjurer, a novice DrCj of Vehumet (D:6)
  A wyvern (D:8)
  Sigmund (D:3)
  A yak (D:8)
  A water moccasin (D:8)
  3 ice beasts
  2 black bears (D:8)
  2 orc warriors
  3 sky beasts
  A necrophage (D:3)
  5 ogres
  4 centaurs
  A big kobold (D:6)
  6 bullfrogs
  2 scorpions
  11 killer bees
  16 wights
  A centaur zombie (D:7)
  A bullfrog zombie (D:6)
  A bullfrog skeleton (D:9)
  4 jellies
  7 orc wizards
  5 orc priests
  3 hounds
  A centaur skeleton (D:9)
  An iguana (D:9)
  Terence (D:3)
  Natasha (thrice) (D:3)
  2 worker ants (D:6)
  A killer bee zombie (D:9)
  A hound skeleton (D:6)
  A worker ant zombie (D:5)
  A howler monkey skeleton (D:4)
  8 gnolls
  An adder (D:8)
  3 shadow imps
  3 white imps
  2 ufetubi
  An ooze (D:4)
  2 adder zombies
  3 adder skeletons
  3 dart slugs
  3 leopard geckos
  30 orcs
  5 bats
  5 giant cockroaches
  6 goblins (D:3)
  8 hobgoblins
  23 jackals
  12 kobolds
  4 quokkas
  3 frilled lizards
  A jackal skeleton (D:4)
  A jackal zombie (D:5)
  A quokka skeleton (D:6)
  A quokka zombie (D:8)
  6 rats
234 creatures vanquished.

Vanquished Creatures (others)
  13 foxfires
  5 fulminant prisms
  46 fungi (D:8)
  58 plants (D:8)
  4 withered plants (D:6)
126 creatures vanquished.

Grand Total: 360 creatures vanquished

Notes
Turn   | Place    | Note
-------+----------+-------------------------------------------
     0 | D:1      | jestyr24 the Draconian Conjurer began the quest for the
                  | Orb.
     0 | D:1      | Reached XP level 1. HP: 14/14 MP: 3/3
   438 | D:1      | Reached XP level 2. HP: 15/20 MP: 0/5
   929 | D:1      | Learned a level 2 spell: Searing Ray
  1084 | D:1      | Reached XP level 3. HP: 26/26 MP: 2/6
  1718 | D:2      | You fall into a shaft and drop 1 floor!
  1952 | D:3      | Noticed a necrophage
  1953 | D:3      | Reached skill level 1 in Shields
  1956 | D:3      | Noticed Terence
  2002 | D:3      | Killed a necrophage
  2003 | D:3      | Reached XP level 4. HP: 27/34 MP: 0/7
  2003 | D:3      | Reached XP level 5. HP: 31/39 MP: 0/8
  2008 | D:3      | Killed Terence
  2381 | D:3      | Noticed Natasha
  2385 | D:3      | Killed Natasha
  2456 | D:3      | Noticed Sigmund
  2473 | D:3      | Killed Sigmund
  2474 | D:3      | Reached skill level 1 in Fighting
  2474 | D:3      | Reached skill level 5 in Conjurations
  2474 | D:3      | Reached XP level 6. HP: 34/47 MP: 2/10
  2660 | D:3      | Noticed Natasha
  2664 | D:3      | Killed Natasha
  2761 | D:3      | Noticed Natasha
  2765 | D:3      | Killed Natasha
  2962 | D:4      | Found a sacrificial altar of Ru.
  3610 | D:4      | Found a glowing silver altar of Zin.
  3610 | D:4      | Found a shimmering altar of Xom.
  3610 | D:4      | Noticed an angel
  3664 | D:4      | Your scales start taking on a golden yellow colour.
  3664 | D:4      | Reached XP level 7. HP: 43/52 MP: 2/12
  3664 | D:4      | Gained mutation: You are resistant to acid. (rCorr) [Yellow
                  | Draconian growth]
  4003 | D:4      | Learned a level 3 spell: Dazzling Flash
  4008 | D:4      | Learned a level 4 spell: Fulminant Prism
  4009 | D:5      | Entered Level 5 of the Dungeon
  4231 | D:5      | Reached skill level 6 in Conjurations
  5328 | D:5      | Found a staircase to the Ecumenical Temple.
  5334 | Temple   | Entered the Ecumenical Temple
  5353 | Temple   | Became a worshipper of Vehumet
  5787 | D:6      | Reached XP level 8. HP: 55/62 MP: 15/15
  5797 | D:6      | Reached skill level 5 in Spellcasting
  6056 | D:6      | Reached skill level 7 in Conjurations
  6303 | D:6      | Found a runed translucent gate.
  6303 | D:6      | Found a runed translucent gate.
  6305 | D:6      | Noticed LufLufFighter's ghost (novice MfTm)
  6305 | D:6      | Noticed Karbivio's ghost (novice TrCK)
  6305 | D:6      | Noticed JoshKwa's ghost (novice DrCj)
  6306 | D:6      | Found a runed translucent gate.
  6362 | D:6      | Reached * piety under Vehumet
  6362 | D:6      | Offered knowledge of Freeze by Vehumet.
  6498 | D:6      | Found an ornate altar of the Wu Jian Council.
  6645 | D:6      | You fall into a shaft and drop 3 floors!
  6645 | D:9      | Found a white marble altar of Elyvilon.
  6645 | D:9      | Found a bloodstained altar of Trog.
  6687 | D:9      | Noticed Harold
  6865 | D:9      | Found a transporter.
  6893 | D:9      | Reached skill level 8 in Conjurations
  6893 | D:9      | Noticed a cyclops
  6931 | D:9      | Found a glowing golden altar of the Shining One.
  6931 | D:9      | Noticed a freezing wraith
  6933 | D:9      | Found a snail-covered altar of Cheibriados.
  6952 | D:9      | Found a glowing golden altar of the Shining One.
  7254 | D:9      | Found Vahuast's Weapon Emporium.
  7265 | D:9      | Reached XP level 9. HP: 63/71 MP: 18/18
  7351 | D:9      | Found a transporter.
  7476 | D:8      | Reached skill level 9 in Conjurations
  7749 | D:8      | Offered knowledge of Foxfire by Vehumet.
  7897 | D:8      | Found a staircase to the Lair.
  7911 | D:8      | Reached ** piety under Vehumet
  8058 | D:8      | Learned a level 1 spell: Foxfire
  8133 | D:8      | Found a shimmering blue altar of Sif Muna.
  8563 | D:8      | Reached skill level 10 in Conjurations
  8772 | D:8      | Got a shimmering triple crossbow
  8773 | D:8      | Identified the +6 triple crossbow of the Mouth {speed,
                  | Int+5} (You found it on level 8 of the Dungeon)
  8929 | D:7      | Noticed Pikel
  8934 | D:7      | Killed Pikel
  8935 | D:7      | Reached XP level 10. HP: 80/80 MP: 22/22
  8945 | D:7      | Reached skill level 5 in Fighting
  9136 | D:7      | Got a twitching marble ring
  9137 | D:7      | Identified the ring "Telan" {Fire Will+ Int-2 Dex+9} (You
                  | found it on level 7 of the Dungeon)
  9142 | D:7      | Found a transporter.
  9144 | D:7      | Identified the +4 trident "Ytaog" {flame, +Inv rElec Str+3}
  9173 | D:7      | Noticed a moth of wrath
  9174 | D:7      | Found a bloodstained altar of Trog.
  9174 | D:7      | Noticed MrDNA's ghost (novice FoHu)
  9192 | D:7      | Found a transporter.
  9385 | D:7      | Offered knowledge of Ignite Poison by Vehumet.
 11311 | D:9      | Upgraded the game from 0.26-a0-1213-gd52f5182fe to
                  | 0.26-a0-1222-g14533b3512
 11434 | D:9      | Killed Harold
 11434 | D:9      | Reached *** piety under Vehumet
 11803 | D:6      | Killed LufLufFighter's ghost
 11804 | D:6      | Reached skill level 11 in Conjurations
 11818 | D:6      | Killed Karbivio's ghost
 11822 | D:6      | Killed JoshKwa's ghost
 11950 | D:6      | Learned a level 3 spell: Ignite Poison
 11953 | D:6      | Learned a level 2 spell: Poisonous Vapours
 11960 | D:6      | Learned a level 6 spell: Freezing Cloud
 12194 | D:7      | Got a vibrating granite ring
 12199 | D:7      | Annihilated by an orc warrior

Illustrated notes

Levels and vault maps discovered:
D:1:      lightli_arrival_windingriver, layout_rooms, minmay_door_square,
          supply_closet_lemuel
D:2:      layout_basic
D:3:      layout_loops_ring, uniq_terence, uniq_sigmund, uniq_natasha
D:4:      layout_cave_pods, grunt_temple_overflow_order_and_chaos_1,
          nicolae_ru_sacrificial_ziggurat
D:5:      layout_basic, minmay_temple_entry_enclosed_plants
D:6:      layout_basic, nzn_wu_jian_council_hall, gammafunk_ghost_cemetery
D:7:      layout_loops_cross, gammafunk_ghost_wrathful_warriors,
          roderic_lattice_a, uniq_pikel
D:8:      layout_loops_corners, due_lair_maze_entry_diamond, st_stairs_9,
          chequers_garden, hangedman_abyss_or_decor_stabs, amcnicky_altar_gilded
D:9:      layout_roguey, gammafunk_temple_overflow_arena,
          chequers_temple_overflow_statue_of_worship, serial_shops, shop_statue,
          basic_altar, minmay_misc_feat_ornament, uniq_harold
Temple:   jpeg_temple_clearing

Skill      XL: |  1  2  3  4  5  6  7  8  9 10 |
---------------+-------------------------------+-----
Dodging        | 2 |  2.3
Shields        | 3 4 |  4.2
Fighting       | 1 2 4 7 |  7.3
Spellcasting   | 3 4 6 8 9 |  9.6
Conjurations   | 5 6 8 10 11 | 11.2
Stealth        | |  1.9
Unarmed Combat | |  0.2

Action                   |  1- 3 |  4- 6 |  7- 9 | 10-12 || total
-------------------------+-------+-------+-------+-------++-------
Melee: Unarmed           |    28 |       |       |       ||    28
       Tailslap          |     1 |     2 |    13 |     3 ||    19
       Club              |    21 |       |       |       ||    21
       Short sword       |    15 |    29 |       |       ||    44
       Spear             |       |     3 |    45 |       ||    48
       Flail             |       |       |   138 |    64 ||   202
Throw: Dart              |       |     2 |       |       ||     2
       Throwing net      |       |       |     1 |       ||     1
 Cast: Magic Dart        |    67 |    16 |    27 |     6 ||   116
       Searing Ray       |     8 |    19 |    60 |    30 ||   117
       Dazzling Flash    |       |       |     2 |     1 ||     3
       Foxfire           |       |       |       |     8 ||     8
       Fulminant Prism   |       |       |       |     5 ||     5
       Poisonous Vapours |       |       |       |     1 ||     1
Evoke: Wand              |       |       |       |     1 ||     1
  Use: Scroll            |       |       |    10 |     2 ||    12
       Potion            |       |       |     4 |       ||     4
 Stab: Sleeping          |     1 |       |       |     3 ||     4
       Distracted        |       |       |     1 |       ||     1
Armor: Skin              |    29 |     6 |    90 |    27 ||   152
Dodge: Dodged            |    65 |    24 |   161 |    76 ||   326
Block: Buckler           |       |    11 |    58 |    27 ||    96

Table legend: (Time is in decaauts)
 A = Elapsed time spent in this place.
 B = Non-inter-level travel time spent in this place.
 C = Inter-level travel time spent in this place.
 D = Time resting spent in this place.
 E = Time spent auto-exploring this place.
 F = Levels seen in this place.
 G = Mean time per level.
                   A        B        C        D        E       F      G
               +--------+--------+--------+--------+--------+-----+--------+
         Total |  12297 |  11928 |    369 |   4021 |   4735 |  10 | 1229.7 |
       Dungeon |  12259 |  11890 |    369 |   4021 |   4724 |   9 | 1362.1 |
        Temple |     37 |     37 |      0 |      0 |     11 |   1 |   37.0 |
               +--------+--------+--------+--------+--------+-----+--------+

Top non-repeatable levels by time:
     D:8: 1870 daAuts
     D:9: 1767 daAuts
     D:5: 1650 daAuts
     D:1: 1626 daAuts
     D:7: 1583 daAuts
     D:6: 1287 daAuts
     D:4: 1196 daAuts
     D:3: 1177 daAuts
     D:2: 100 daAuts
  Temple: 37 daAuts
